 Dungeon Crawl Stone Soup version 0.19-a0-1875-g4fea3da (webtiles) character file.

92 Alarkh the Charmwright (level 4, -1/33 HPs)
             Began as a Mummy Skald on Oct 13, 2016.
             Killed by divine providence
             ... invoked by an orc priest
              (11 damage)
             ... on level 3 of the Dungeon.
             The game lasted 00:02:20 (2419 turns).

Alarkh the Charmwright (Mummy Skald)                Turns: 2419, Time: 00:02:21

Health: -1/33      AC:  5    Str: 11    XL:     4   Next: 35%
Magic:  6/8        EV: 11    Int: 12    God:
Gold:   125        SH:  0    Dex: 11    Spells: 3 memorised, 2 levels left

rFire  x . .     SeeInvis .     a - +0 trident
rCold  + + .     Gourm    .     m - +2 robe {rC+}
rNeg   + + +     Faith    .     (no shield)
rPois  ∞         Spirit   .     (no helmet)
rElec  .         Dismiss  .     n - +0 cloak
rCorr  .         Reflect  .     (no gloves)
MR     .....     Harm     .     (no boots)
Stlth  +.........               (no amulet)
                                (no ring)
                                g - -4 ring of strength (curse)

@: infused
A: no food or potions, fire vulnerability, cold resistance 1, negative energy
resistance 3, torment resistance, unbreathing
a: no special abilities


You were on level 3 of the Dungeon.
You were not hungry.

You visited 1 branch of the dungeon, and saw 3 of its levels.

You collected 125 gold pieces.

Inventory:

Hand Weapons
 a - a +0 trident (weapon)
 d - a +0 short sword
 o - a +0 spear
Armour
 b - a +0 leather armour
 m - a +2 robe of cold resistance (worn)
 n - a +0 cloak (worn)
Jewellery
 g - a cursed -4 ring of strength (left hand)
Wands
 l - a wand of random effects (48/48)
Scrolls
 e - a scroll of identify
 f - a scroll of recharging
 h - a scroll of enchant weapon
 i - a scroll of remove curse
 j - a scroll of fear {unknown}
 k - a scroll of noise {unknown}
Books
 c - a book of Battle

   Spells                             Type                      Level
   a - Infusion                       Charms                       1
   b - Shroud of Golubria             Charms/Translocation         2
   c - Song of Slaying                Charms                       2
   d - Spectral Weapon                Hexes/Charms                 3
   e - Regeneration                   Charms/Necromancy            3


   Skills:
 + Level 2.2 Fighting
 + Level 2.2 Polearms
 + Level 1.2 Armour
 + Level 0.7 Dodging
 + Level 0.3 Stealth
 + Level 2.7 Spellcasting
 + Level 3.0 Charms


You had 2 spell levels left.
You knew the following spells:

 Your Spells              Type           Power        Failure   Level  Hunger
a - Infusion              Chrm           #...         10%         1    N/A
b - Shroud of Golubria    Chrm/Tloc      #.........   21%         2    N/A
c - Spectral Weapon       Hex/Chrm       #.......     43%         3    N/A

Dungeon Overview and Level Annotations

Branches:
Dungeon (3/15)

Altars:
Gozag
Xom


Innate Abilities, Weirdness & Mutations

You do not eat or drink.
Your flesh is vulnerable to fire.
You are immune to poison.
Your flesh is cold resistant. (rC+)
You are immune to negative energy. (rN+++)
You are immune to unholy pain and torment.
You can survive without breathing.


Message History

An orc comes into view. It is wielding a falchion.
The orc moves out of view.
The orc shouts!
Found 22 poisoned needles, 7 gold pieces, a leather armour and 17 stones.
You hit the orc priest but do no damage.
The orc priest hits you with a dagger. The orc hits you but does no damage.
You open the door. The orc priest hits you with a dagger.
The orc hits you but does no damage. The orc closely misses you.
There is an open door here.
The orc priest mumbles some strange prayers to Beogh against you.
You are unaffected.
The orc priest calls down the wrath of Beogh upon you.
Beogh smites you!
* * * LOW HITPOINT WARNING * * *
Okay, then.
The orc priest mumbles some strange prayers to Beogh against you.
Beogh smites you!
You die...

..............+......#
#######.#######......##
..............+.......#
#######.#######.......#+###
#..†.#.# ####........#
#..<<[.###### #........#
#########...#####..).....#
+....ooo'........#
#@..#####.........
#.................[....
#####...(..............
............?.......
##...................
#....$..............
#...................
>.........([........


You could see an orc priest and 2 orcs.

Vanquished Creatures
  Jessica (D:2)
  2 adders
  An ooze (D:2)
  A dart slug (D:1)
  5 orcs
  4 bats
  7 goblins
  4 hobgoblins
  A ball python (D:2)
  6 kobolds
  2 rats
34 creatures vanquished.

Notes
Turn   | Place    | Note
-------+----------+-------------------------------------------
     0 | D:1      | Alarkh the Mummy Skald began the quest for the Orb.
     0 | D:1      | Reached XP level 1. HP: 16/16 MP: 3/3
   119 | D:1      | You fall through a shaft!
   340 | D:1      | Reached XP level 2. HP: 17/22 MP: 0/5
   954 | D:2      | Noticed Jessica
   959 | D:2      | Killed Jessica
   959 | D:2      | Reached skill level 1 in Armour
   959 | D:2      | Reached skill level 3 in Charms
   959 | D:2      | Reached XP level 3. HP: 22/27 MP: 2/6
   963 | D:2      | Learned a level 2 spell: Shroud of Golubria
   967 | D:2      | Learned a level 3 spell: Spectral Weapon
  1118 | D:2      | Found a shimmering altar of Xom.
  1714 | D:2      | Found an opulent altar of Gozag.
  2133 | D:3      | Reached XP level 4. HP: 33/33 MP: 5/8
  2419 | D:3      | Killed from afar by an orc priest

Vault maps used:
D:1:      dpeg_chamrin_arrival_tetris
D:2:      lemuel_coloured_pillars_altar, marbit_many_paths, first_bread,
          serial_co_window_serial, co_window_cross_1, co_window_corner_a,
          co_window_of_opportunity_a, co_window_corner_a,
          co_window_of_opportunity_a, co_window_corner_cb, co_window_paths_c,
          co_window_paths_c, co_window_corner_b, co_window_4corner_b,
          co_window_4corner_a, glass_columns_c, glass_columns_a,
          glass_columns_a, glass_columns_b, glass_columns_a, uniq_jessica
D:3:      cheibriados_altar_1

Skill      XL: |  1  2  3 |
---------------+----------+-----
Armour         | 1 |  1.2
Charms         | 3 |  3.0
Polearms       | 2 |  2.2
Fighting       | |  2.2
Dodging        | |  0.7
Stealth        | |  0.3
Spellcasting   | |  2.7

Action                   |  1- 3 |  4- 6 || total
-------------------------+-------+-------++-------
Melee: Spear             |    88 |    19 ||   107
       Trident           |       |    12 ||    12
 Cast: Infusion          |    18 |     4 ||    22
  Use: Scroll            |     1 |     2 ||     3
Armor: Leather armour    |    22 |       ||    22
       Robe              |     3 |     9 ||    12
Dodge: Dodged            |    31 |    18 ||    49
